Map: Jagannatha LE

Players

JonSnow

  • Race: Zerg Zerg

Nina - Winner!

  • Race: Protoss Protoss

Event: DreamHack SC2 Masters 2021 Fall

VOD

Have the link to the VOD?

Description

Time

  • Played on: Aug. 3, 2021, 6 p.m.
  • Length: 7:11

All games in this series

Show
View Real Time Build Order
Export as new Build Order

JonSnow Zerg 

Build Orders: Hatch First 

Get SALT Encoding   

  12  0:01  Drone  
  13  0:12  Overlord  
  13  0:18  Drone  
  14  0:30  Drone x2  
  16  0:48  Hatchery  
  15  0:51  Drone  
  15  0:55  Drone  
  17  0:59  Drone  
  17  1:02  Extractor  
  17  1:15  Spawning Pool  
  16  1:20  Drone  
  16  1:22  Drone  
  18  1:29  Drone  
  19  1:39  Drone  
  20  1:48  Overlord  
  20  2:02  Metabolic Boost  
  20  2:03  Queen x2  
  20  2:05  Zergling x2  
  25  2:08  Zergling x2  
  25  2:13  Zergling x2  
  25  2:14  Zergling x2  
  28  2:24  Zergling x4  
  30  2:37  Hatchery  
  30  2:42  Overlord  
  29  2:48  Zergling x4  
  31  2:58  Zergling x6  
  34  3:06  Zergling x4  
  36  3:17  Zergling x2  
  36  3:18  Zergling x8  
  41  3:24  Overlord  
  39  3:35  Zergling x8  
  41  3:45  Zergling x8  
  44  3:55  Zergling x6  
  42  4:02  Zergling x4  
  39  4:06  Zergling x2  
  38  4:20  Zergling x12  
  42  4:28  Zergling x6  
  39  4:39  Zergling x6  
  38  4:46  Zergling x2  
  38  4:47  Zergling x6  
  38  4:50  Zergling x2  
  41  4:55  Zergling x2  
  41  4:56  Zergling x2  
  43  5:04  Zergling x8  
  39  5:14  Zergling x2  
  39  5:15  Zergling x4  
  39  5:18  Drone x2  
  38  5:24  Drone  
  38  5:26  Drone  
  40  5:29  Drone x3  
  40  5:32  Drone  
  44  5:36  Drone  
  44  5:37  Drone  
  44  5:41  Drone  
  44  5:42  Drone  
  47  5:44  Drone  
  47  5:47  Drone  
  47  5:48  Drone  
  49  6:00  Overlord  
  49  6:05  Spore Crawler  
  49  6:06  Queen, Spore Crawler  
  49  6:08  Spore Crawler  
  49  6:09  Drone  
  49  6:11  Overlord  
  46  6:22  Drone x5  
  46  6:27  Queen  
  46  6:32  Drone x3  
  50  6:33  Drone  
  48  6:41  Spore Crawler  
  48  6:42  Drone  
  48  6:43  Drone  
  49  6:48  Spore Crawler  
  48  6:59  Drone  
  49  7:02  Spore Crawler  
  49  7:04  Spore Crawler  
Show
View Real Time Build Order
Export as new Build Order

Nina Protoss - Winner!

Build Orders: 1 Gate Expand, Oracle Opening 

Get SALT Encoding   

  12  0:01  Probe  
  13  0:13  Probe  
  14  0:19  Pylon  
  14  0:25  Probe  
  15  0:37  Probe (Chrono Boost)  
  15  0:39  Gateway  
  16  0:48  Probe (Chrono Boost)  
  17  0:50  Assimilator  
  17  0:53  Probe (Chrono Boost)  
  18  1:04  Probe  
  19  1:16  Probe  
  20  1:25  Nexus  
  20  1:34  Cybernetics Core  
  20  1:37  Probe  
  21  1:44  Assimilator  
  21  1:50  Probe  
  22  1:54  Pylon  
  22  2:02  Probe (Chrono Boost)  
  23  2:12  Adept  
  23  2:14  Probe (Chrono Boost)  
  26  2:19  Stargate, Probe (Chrono Boost)  
  28  2:30  Warp Gate, Probe (Chrono Boost)  
  28  2:37  Probe (Chrono Boost)  
  28  2:42  Probe (Chrono Boost)  
  28  2:43  Adept  
  32  2:47  Probe (Chrono Boost)  
  32  2:49  Probe (Chrono Boost)  
  34  2:52  Gateway  
  34  2:54  Probe  
  34  2:57  Probe  
  36  3:05  Oracle  
  39  3:06  Probe (Chrono Boost)  
  39  3:12  Probe (Chrono Boost)  
  41  3:14  Pylon  
  41  3:19  Probe (Chrono Boost)  
  46  3:31  Gateway  
  46  3:32  Shield Battery  
  46  3:33  Shield Battery  
  44  3:38  Gateway  
  44  3:41  Void Ray  
  44  3:47  Gateway  
  44  3:54  Cybernetics Core  
  44  3:55  Probe  
  45  3:56  Probe  
  46  4:07  Probe  
  46  4:08  Probe  
  48  4:18  Void Ray  
  49  4:26  Zealot  
  49  4:27  Probe  
  49  4:31  Probe  
  49  4:53  Gateway  
  49  4:55  Pylon  
  49  4:58  Pylon  
  49  5:10  Void Ray (Chrono Boost)  
  49  5:12  Pylon  
  48  5:16  Probe x2  
  54  5:24  Pylon  
  54  5:30  Probe x2  
  54  5:32  Assimilator  
  54  5:34  Adept x2  
  60  5:42  Probe x2  
  62  5:46  Assimilator  
  62  5:47  Void Ray (Chrono Boost)  
  62  5:48  Pylon  
  62  5:54  Zealot, Probe x2  
  70  5:59  Pylon  
  70  6:01  Nexus  
  70  6:06  Probe x2  
  70  6:07  Sentry x2  
  76  6:17  Adept  
  78  6:18  Probe  
  78  6:20  Probe  
  78  6:21  Void Ray  
  75  6:31  Probe  
  75  6:32  Adept x2  
  82  6:39  Probe  
  85  6:43  Probe  
  83  6:55  Pylon  
  83  6:57  Pylon  
  83  7:03  Robotics Facility  
  83  7:07  Twilight Council  

Tags
 
Add a new tag
Caveats
  • Supply blocks, unpowered buildings, or Contaminate may cause inaccurate times.
  • Supply counts are checked every 10 seconds.